 Dungeon Crawl Stone Soup version 0.21.1-1-g345015f (webtiles) character file.

1075 snakesoul the Spear-Bearer (level 8, -9/64 HPs)
             Began as a Merfolk Fighter on July 28, 2018.
             Was an Initiate of Yredelemnul.
             Shot with an arrow by a centaur (10 damage)
             ... on level 6 of the Dungeon.
             The game lasted 00:09:35 (4330 turns).

snakesoul the Spear-Bearer (Merfolk Fighter)        Turns: 4330, Time: 00:09:35

Health: -9/64      AC: 10    Str: 17 (18) XL:     8   Next: 29%
Magic:  8/8        EV:  6    Int:  7      God:    Yredelemnul [......]
Gold:   240        SH: 16    Dex: 13 (14) Spells: 7/7 levels left

rFire    + . .     SeeInvis .   a - +0 trident
rCold    . . .     Gourm    .   g - +2 large shield
rNeg     . . .     Faith    .   d - +2 ring mail {rF+}
rPois    .         Spirit   .   (no helmet)
rElec    .         Reflect  .   s - scarf {cloud immunity}
rCorr    .         Harm     .   v - +1 pair of gloves
MR       .....                  m - +0 pair of boots
Stlth    +.........             (no amulet)
HPRegen  0.20/turn              (no ring)
MPRegen  0.11/turn              (no ring)

@: slowed, very slow
A: change form in water, swift swim, stealthy swim
a: Renounce Religion


You were on level 6 of the Dungeon.
You worshipped Yredelemnul.
Yredelemnul was noncommittal.
You were hungry.

You visited 2 branches of the dungeon, and saw 7 of its levels.

You collected 240 gold pieces.

Inventory:

Hand Weapons
 a - a +0 trident (weapon)
Armour
 d - a +2 ring mail of fire resistance (worn)
 g - a +2 large shield (worn)
 m - a +0 pair of boots (worn)
 s - a scarf of cloud immunity (worn)
 v - a +1 pair of gloves (worn)
Wands
 r - a wand of digging (16)
 y - a wand of random effects (41)
Scrolls
 e - 3 scrolls of blinking {unknown}
 i - 8 scrolls of remove curse
 l - 2 scrolls of teleportation {unknown}
 p - 3 scrolls of enchant weapon {unknown}
 q - a scroll of identify
 t - a scroll of magic mapping {unknown}
 u - 2 scrolls of enchant armour {unknown}
 w - a scroll of amnesia
Potions
 h - a potion of ambrosia {unknown}
 j - a potion of degeneration
 n - a potion of flight {unknown}
 o - a potion of curing
 x - a potion of brilliance {unknown}
Books
 c - a book of Frost

   Spells                             Type                      Level
   a - Freeze                         Ice                          1
   b - Throw Frost                    Conjuration/Ice              2
   c - Ozocubu's Armour               Charms/Ice                   3
   d - Throw Icicle                   Conjuration/Ice              4
   e - Summon Ice Beast               Ice/Summoning                4
Comestibles
 f - 11 rations


   Skills:
 + Level 6.1 Fighting
 * Level 10.0 Polearms
 - Level 2.1 Armour
 + Level 5.5 Shields


You had 7 spell levels left.
You didn't know any spells.

Dungeon Overview and Level Annotations

Branches:
Dungeon (6/15)             Temple (1/1) D:5

Altars:
Ashenzari
Cheibriados
Dithmenos
Elyvilon
Fedhas
Gozag
Hepliaklqana
Kikubaaqudgha
Makhleb
Nemelex Xobeh
Okawaru
Qazlal
Ru
Sif Muna
Trog
Uskayaw
Vehumet
Wu Jian
Xom
Yredelemnul
Zin


Message History

You closely miss the orc warrior.
The orc warrior is severely wounded.
The centaur shoots an arrow.
You block the arrow.
The orc warrior hits you with a trident.
* * * LOW HITPOINT WARNING * * *
You hit the orc warrior but do no damage.
The orc warrior is severely wounded.
The centaur shoots an arrow.
The arrow barely misses you. You block the orc warrior's attack.
You hit the orc warrior.
The orc warrior is almost dead.
The centaur shoots an arrow.
You block the arrow.
The centaur shoots an arrow.
You block the arrow.
The orc warrior hits you with a trident.
* * * LOW HITPOINT WARNING * * *
You closely miss the orc warrior.
The orc warrior is almost dead.
The centaur shoots an arrow.
The arrow hits you!
You die...
Your body rises from the dead as a mindless zombie.

#.##.#.###.###.#(#..#.# #
#.##)#.....# #.((.....#
#.#.##.#####c###.(......#
#.#.##.##.......#.##.##.#
#......##.......#.# .(. #
###.#####.).....#.# ##..#
#.# #...)...#.# ..# #<#
#..(...(#.. .# #.#
#.@.....### #.# #o......#
#.# ######### #.# ... ...
...


You could see an orc warrior and a centaur.

Vanquished Creatures
  The ghost of airwow the Magician, an amateur DEWz (D:3)
  An orc warrior (D:6)
  A sky beast (D:5)
  An ice beast (D:5)
  2 centaurs
  A crimson imp (D:5)
  A centaur zombie (D:6)
  2 hounds
  2 orc priests (D:5)
  4 orc wizards
  A bullfrog skeleton (D:5)
  Jessica (D:2)
  Ijyb (D:5)
  3 worker ants
  3 adders
  A shadow imp (D:5)
  An adder skeleton (D:6)
  A worm (D:3)
  A leopard gecko (D:3)
  12 orcs
  2 ball pythons
  2 giant cockroaches
  3 goblins
  4 hobgoblins
  2 jackals (D:5)
  3 quokkas
  5 bats
  2 frilled lizards
  5 kobolds
  10 rats
79 creatures vanquished.

Notes
Turn   | Place    | Note
-------+----------+-------------------------------------------
     0 | D:1      | snakesoul the Merfolk Fighter began the quest for the Orb.
     0 | D:1      | Reached XP level 1. HP: 18/18 MP: 1/1
   217 | D:1      | Reached XP level 2. HP: 10/24 MP: 2/2
   565 | D:2      | Noticed Jessica
   571 | D:2      | Killed Jessica
   571 | D:2      | Reached skill level 4 in Polearms
   571 | D:2      | Reached XP level 3. HP: 30/30 MP: 3/3
   833 | D:2      | Reached XP level 4. HP: 29/37 MP: 4/4
  1061 | D:2      | Reached skill level 5 in Polearms
  1396 | D:3      | Reached XP level 5. HP: 26/42 MP: 5/5
  1551 | D:3      | Noticed airwow's ghost (amateur DEWz)
  1570 | D:3      | Killed airwow's ghost
  1570 | D:3      | Reached skill level 6 in Polearms
  1570 | D:3      | Reached XP level 6. HP: 45/49 MP: 6/6
  2156 | D:4      | Reached skill level 7 in Polearms
  2429 | D:5      | Entered Level 5 of the Dungeon
  2634 | D:5      | Found a staircase to the Ecumenical Temple.
  2649 | Temple   | Entered the Ecumenical Temple
  2686 | Temple   | Became a worshipper of Yredelemnul the Dark
  3125 | D:5      | Reached skill level 5 in Fighting
  3125 | D:5      | Reached XP level 7. HP: 48/56 MP: 7/7
  3191 | D:5      | Found a shadowy altar of Dithmenos.
  3242 | D:5      | Reached skill level 8 in Polearms
  3683 | D:5      | Noticed Ijyb
  3690 | D:5      | Killed Ijyb
  3690 | D:5      | Reached skill level 5 in Shields
  3741 | D:5      | Reached skill level 9 in Polearms
  4022 | D:6      | Reached XP level 8. HP: 28/64 MP: 8/8
  4324 | D:6      | Reached skill level 10 in Polearms
  4329 | D:6      | HP: 1/64 [orc warrior/trident (5)]
  4330 | D:6      | Shot with an arrow by a centaur

Skill      XL: |  1  2  3  4  5  6  7  8 |
---------------+-------------------------+-----
Polearms       | 4 5 6 7 9 10 | 10.0
Fighting       | 4 5 6 |  6.1
Shields        | 4 5 |  5.5
Armour         | |  2.1

Action                   |  1- 3 |  4- 6 |  7- 9 || total
-------------------------+-------+-------+-------++-------
Melee: Trident           |    75 |   227 |   155 ||   457
  Use: Scroll            |     3 |     1 |     1 ||     5
       Potion            |       |     2 |     4 ||     6
  Eat: Chunk             |       |     7 |     4 ||    11
Armor: Scale mail        |    20 |    55 |    14 ||    89
       Ring mail         |       |       |    28 ||    28
Dodge: Dodged            |     3 |    22 |    20 ||    45
Block: Large shield      |    49 |   152 |   124 ||   325
